 Dungeon Crawl Stone Soup version 0.20-a0-830-g2c9a30d (webtiles) character file.

3898 pichaelthompson the Basher (level 10, 0/77 HPs)
             Began as a Demonspawn Berserker on Mar 6, 2017.
             Was an Elder of Trog.
             Killed by divine providence
             ... invoked by an orc priest
              (11 damage)
             ... on level 9 of the Dungeon.
             The game lasted 00:32:14 (9056 turns).

pichaelthompson the Basher (Demonspawn Berserker)   Turns: 9056, Time: 00:32:14

Health: 0/77       AC: 17    Str: 26    XL:     10   Next: 0%
Magic:  10/10      EV:  8    Int: 13    God:    Trog [****..]
Gold:   476        SH: 10    Dex: 12    Spells: 9/9 levels left

rFire    . . .     SeeInvis .   t - +5 mace
rCold    . . .     Gourm    .   d - +1 plate armour
rNeg     . . .     Faith    .   G - +0 buckler
rPois    .         Spirit   .   (no helmet)
rElec    .         Reflect  .   (no cloak)
rCorr    .         Harm     .   (no gloves)
MR       .....     Rnd*Tele +   l - +2 pair of boots
Stlth    ..........             (no amulet)
Regen    0.3/turn               f - ring of teleportation (curse)
MPRegen  0.2/turn               b - +4 ring of intelligence

@: mighty
A: claws 2, large bone plates 2, demonic guardian 1, powered by pain 1
a: Berserk, Trog's Hand, Brothers in Arms, Burn Spellbooks, Renounce Religion


You were on level 9 of the Dungeon.
You worshipped Trog.
Trog was greatly pleased with you.
You were not hungry.

You visited 1 branch of the dungeon, and saw 9 of its levels.

You collected 476 gold pieces.

Inventory:

Hand Weapons
 t - a +5 mace (weapon)
Armour
 d - a +1 plate armour (worn)
 l - a +2 pair of boots (worn)
 G - a +0 buckler (worn)
Jewellery
 b - a +4 ring of intelligence (left claw)
 f - a cursed ring of teleportation (right claw)
Wands
 a - a wand of paralysis (10/24)
 j - a wand of confusion (10/48)
 k - a wand of confusion (25/48)
 n - a wand of lightning (8/15)
 B - a wand of disintegration (5/24)
Scrolls
 i - 3 scrolls of teleportation
 p - 4 scrolls of remove curse
 s - a scroll of enchant weapon
 y - a scroll of magic mapping
 A - 2 scrolls of blinking
 E - a scroll of noise {unknown}
Potions
 e - 4 potions of agility
 g - 3 potions of lignification
 m - 2 potions of flight
 o - 2 potions of heal wounds
 q - 4 potions of might
 r - a potion of magic
 u - 2 potions of haste
 v - 4 potions of curing
 w - 2 potions of berserk rage
 x - a potion of cancellation {unknown}
 z - 2 potions of mutation
 C - a potion of ambrosia {unknown}
 F - 2 potions of brilliance {unknown}
Books
 H - a book of Debilitation

   Spells                             Type                      Level
   a - Corona                         Hexes                        1
   b - Slow                           Hexes                        2
   c - Inner Flame                    Hexes/Fire                   3
   d - Portal Projectile              Hexes/Translocation          3
   e - Cause Fear                     Hexes                        4
   f - Leda's Liquefaction            Hexes/Earth                  4
   Trog disapproves of the use of such an item.
 I - a book of Maledictions

   Spells                             Type                      Level
   a - Corona                         Hexes                        1
   b - Ensorcelled Hibernation        Hexes/Ice                    2
   c - Confuse                        Hexes                        3
   d - Tukima's Dance                 Hexes                        3
   e - Dazzling Spray                 Conjuration/Hexes            3
   Trog disapproves of the use of such an item.
Comestibles
 c - 10 bread rations
 h - 4 meat rations
 D - 4 fruits


   Skills:
 + Level 6.7 Fighting
   Level 2.1 Short Blades
 + Level 9.1 Maces & Flails
 + Level 6.4 Armour
 + Level 4.0 Dodging
 + Level 2.4 Stealth
 + Level 2.0 Shields


You had 9 spell levels left.
You didn't know any spells.

Dungeon Overview and Level Annotations

Branches:
Dungeon (9/15)             Temple (0/1) D:5
   Lair: D:8-11         Orc: D:9-12

Altars:
Ashenzari
Wu Jian


Innate Abilities, Weirdness & Mutations

You have very sharp fingernails.
You are mostly covered in large bone plates. (SH +6)
A weak demonic guardian rushes to your aid.
You sometimes gain a little power by taking damage.


Message History

Beogh smites you!
You focus on the pain.
You feel very mighty all of a sudden.
The orc priest mumbles some strange prayers to Beogh against you.
You struggle to resist.
The orc priest calls down the wrath of Beogh upon you.
Beogh smites you!
You hear a shout!
You sock the orc!
You kill the orc!
Trog accepts your kill.
An orc comes into view.
The orc priest mumbles some strange prayers to Beogh against you.
Beogh smites you!
* * * LOW HITPOINT WARNING * * *
You focus on the pain.
You feel mightier all of a sudden. You block the orc priest's attack.
The orc priest mumbles some strange prayers to Beogh against you.
Beogh smites you!
You die...

#..# #..#
#..# #..###
#.... ######
#..#
♣....####..#
♣.PP.@...<.#
♣P...#o###.#
.P..♣♣P.#.#
.# ♣..
♣♣..o# .. P
♣.♣.# .##
o.### .#
♣.♣. .# oP P
.# P. ♣


You could see 2 orc priests and an orc.

Vanquished Creatures
  The ghost of petzl the Fighter, a novice BaWn (D:7)
  Joseph (D:8)
  Sigmund (D:4)
  A spriggan (D:8)
  Eustachio (D:4)
  Menkaure (D:4)
  4 sky beasts
  2 ice beasts
  A black bear (D:7)
  4 ogres
  A centaur (D:5)
  A bullfrog (D:7)
  2 scorpions
  5 wights (D:8)
  2 howler monkeys
  5 crimson imps
  A centaur zombie (D:6)
  5 orc priests
  2 bullfrog skeletons
  2 centaur skeletons
  3 hounds
  A jelly (D:6)
  3 orc wizards
  2 iguanas
  Natasha (thrice) (D:2)
  6 worker ants
  A hound zombie (D:7)
  3 worker ant zombies
  8 adders
  A shadow imp (D:5)
  An ooze (D:1)
  An adder skeleton (D:3)
  5 worms
  3 dart slugs
  A leopard gecko (D:4)
  18 orcs
  9 bats
  4 giant cockroaches
  3 hobgoblins
  9 jackals
  7 quokkas
  A ball python zombie (D:2)
  3 frilled lizards
  8 goblins
  7 kobolds
  A quokka skeleton (D:2)
  7 rats
162 creatures vanquished.

Vanquished Creatures (collateral kills)
  A bullfrog (D:6)
  2 adders
  An orc (D:6)
4 creatures vanquished.

Vanquished Creatures (others)
  A worker ant (D:5)
1 creature vanquished.

Grand Total: 167 creatures vanquished

Notes
Turn   | Place    | Note
-------+----------+-------------------------------------------
     0 | D:1      | pichaelthompson the Demonspawn Berserker began the quest for the Orb.
     0 | D:1      | Reached XP level 1. HP: 18/18 MP: 1/1
   525 | D:1      | Gained mutation: You sometimes gain a little power by taking damage. [demonic ancestry]
   525 | D:1      | Reached XP level 2. HP: 24/24 MP: 2/2
  1305 | D:2      | Noticed Natasha
  1310 | D:2      | Noticed a crimson imp
  1311 | D:2      | Gained mutation: You are partially covered in large bone plates. (SH +4) [demonic ancestry]
  1311 | D:2      | Reached XP level 3. HP: 26/29 MP: 3/3
  1316 | D:2      | Killed Natasha
  1502 | D:2      | Reached skill level 1 in Short Blades
  1502 | D:2      | Gained mutation: You are mostly covered in large bone plates. (SH +6) [demonic ancestry]
  1502 | D:2      | Reached XP level 4. HP: 35/37 MP: 4/4
  1695 | D:2      | Reached ** piety under Trog
  1917 | D:2      | Noticed Natasha
  1931 | D:2      | Killed Natasha
  2032 | D:2      | Noticed Natasha
  2044 | D:2      | Killed Natasha
  2044 | D:2      | Gained mutation: You have sharp fingernails. [demonic ancestry]
  2044 | D:2      | Reached XP level 5. HP: 28/42 MP: 5/5
  2556 | D:3      | Reached skill level 3 in Maces & Flails
  2636 | D:3      | Found an ornate altar of the Wu Jian Council.
  3241 | D:4      | Noticed Sigmund
  3537 | D:4      | Killed Sigmund
  3537 | D:4      | Gained mutation: You have very sharp fingernails. [demonic ancestry]
  3537 | D:4      | Reached XP level 6. HP: 12/49 MP: 6/6
  3989 | D:4      | Reached skill level 4 in Maces & Flails
  3992 | D:4      | Reached XP level 7. HP: 55/55 MP: 7/7
  4084 | D:4      | Noticed Eustachio
  4120 | D:4      | Killed Eustachio
  4120 | D:4      | Reached skill level 1 in Stealth
  4220 | D:4      | Noticed Menkaure
  4230 | D:4      | Killed Menkaure
  4230 | D:4      | Reached skill level 5 in Fighting
  4466 | D:4      | Reached *** piety under Trog
  4682 | D:4      | Gained mutation: A weak demonic guardian rushes to your aid. [demonic ancestry]
  4682 | D:4      | Reached XP level 8. HP: 62/62 MP: 8/8
  4930 | D:5      | Entered Level 5 of the Dungeon
  5026 | D:5      | Reached skill level 5 in Maces & Flails
  5286 | D:5      | Reached skill level 5 in Armour
  5376 | D:5      | Reached skill level 6 in Maces & Flails
  5588 | D:5      | Found a staircase to the Ecumenical Temple.
  6315 | D:6      | Reached skill level 7 in Maces & Flails
  6508 | D:6      | Reached XP level 9. HP: 67/69 MP: 9/9
  6758 | D:6      | Found a shattered altar of Ashenzari.
  6949 | D:7      | Noticed petzl's ghost (novice BaWn)
  7249 | D:7      | Killed petzl's ghost
  7249 | D:7      | Reached skill level 8 in Maces & Flails
  7715 | D:7      | Reached **** piety under Trog
  7978 | D:8      | Reached skill level 1 in Shields
  8690 | D:8      | Noticed Joseph
  8704 | D:8      | Killed Joseph
  8704 | D:8      | Reached skill level 9 in Maces & Flails
  8704 | D:8      | Reached XP level 10. HP: 66/77 MP: 10/10
  9056 | D:9      | Killed from afar by an orc priest

Vault maps used:
D:1:      onia_arrival_mini_maze_b, minmay_misc_feat_alley
D:2:      first_bread, serial_undead, serial_undead_d, serial_undead_e,
          serial_undead_e, serial_undead_c, uniq_natasha
D:3:      old_standard_altar, hangedman_decor_diamond_cutter,
          serial_bayou_pond_c
D:4:      uniq_sigmund, uniq_eustachio, uniq_menkaure
D:5:      lemuel_temple_firewalk_b, grunt_ministairs_12, minivault_4,
          minivault_4, serial_bayou_lake_a
D:6:      ashenzari_altar_1
D:8:      the_bakery, uniq_joseph
D:9:      wad_woods_stonehenge

Skill      XL: |  1  2  3  4  5  6  7  8  9 |
---------------+----------------------------+-----
Dodging        | 2 3 4 |  4.0
Short Blades   | 1 2 |  2.1
Armour         | 2 3 4 5 6 |  6.4
Maces & Flails | 3 4 7 9 |  9.1
Fighting       | 4 5 6 |  6.7
Stealth        | 1 2 |  2.4
Shields        | 2 |  2.0

Action                   |  1- 3 |  4- 6 |  7- 9 | 10-12 || total
-------------------------+-------+-------+-------+-------++-------
Melee: Mace              |    36 |    81 |   400 |     1 ||   518
       Dagger            |    89 |   140 |       |       ||   229
Invok: Berserk           |     1 |     4 |     9 |       ||    14
       Burn Spellbooks   |       |       |     1 |       ||     1
  Use: Scroll            |       |     4 |    17 |       ||    21
 Stab: Distracted        |       |       |     3 |       ||     3
  Eat: Chunk             |     2 |     7 |    15 |     1 ||    25
       Royal jelly       |       |     2 |     3 |       ||     5
       Fruit             |       |     1 |       |       ||     1
       Bread ration      |       |       |     1 |       ||     1
Armor: Animal skin       |    37 |       |       |       ||    37
       Ring mail         |    14 |    57 |       |       ||    71
       Chain mail        |       |    29 |    78 |       ||   107
       Leather armour    |       |       |    10 |       ||    10
       Plate armour      |       |       |   107 |       ||   107
Dodge: Dodged            |    82 |    96 |   145 |       ||   323
Block: Other             |     7 |    50 |    75 |       ||   132
       Buckler           |       |       |    29 |     2 ||    31
